 Dungeon Crawl Stone Soup version 0.17.0-9-g801d43b (console) character file.

252 Kloppie the Sneak (level 5, -3/34 HPs)
             Began as a High Elf Assassin on Nov 10, 2015.
             Shot with an arrow by a centaur (9 damage)
             ... on level 5 of the Dungeon.
             The game lasted 00:07:36 (3084 turns).

Kloppie the Sneak (High Elf Assassin)               Turns: 3084, Time: 00:07:36

Health: -3/34      AC:  4    Str: 11    XL:     5   Next: 89%
Magic:  6/6        EV: 12    Int: 15    God:
Gold:   150        SH:  0    Dex: 16    Spells: 0 memorised, 4 levels left

rFire  . . .     SeeInvis .     b - +0 blowgun
rCold  . . .     Clarity  .     c - +0 robe
rNeg   . . .     SustAt   .     (no shield)
rPois  .         Gourm    .     (no helmet)
rElec  .         Spirit   .     d - +0 cloak
rCorr  .         Warding  .     s - +0 pair of gloves
rMut   .         Stasis   .     (no boots)
MR     .....                    (no amulet)
Stlth  +++.......               (no ring)
                                (no ring)

@: not resistant to hostile enchantments, fairly stealthy
A: no striking features
a: no special abilities


You were on level 5 of the Dungeon.
You were not hungry.

You visited 1 branch of the dungeon, and saw 5 of its levels.

You collected 150 gold pieces.

Inventory:

Hand Weapons
 a - a +2 dagger
 b - a +0 blowgun (weapon)
 w - a +0 short sword
Missiles
 f - a curare-tipped needle
 h - 17 poisoned needles (quivered)
Armour
 c - a +0 robe (worn)
 d - a +0 cloak (worn)
 s - a +0 pair of gloves (worn)
Jewellery
 m - an uncursed ring of see invisible {unknown}
 o - an uncursed ring of magical power {unknown}
Scrolls
 i - a scroll of enchant armour {unknown}
 j - 3 scrolls of recharging {unknown}
 l - 4 scrolls of remove curse {unknown}
 n - 2 scrolls of identify {unknown}
 q - a scroll of enchant weapon {unknown}
 t - a scroll of fog {unknown}
 v - a scroll of teleportation {unknown}
 y - a scroll of immolation {unknown}
Potions
 e - 2 potions of brilliance {unknown}
 r - 2 potions of poison {unknown}
 u - a potion of degeneration {unknown}
 x - a potion of resistance {unknown}
 A - a potion of agility {unknown}
Comestibles
 g - 2 bread rations
 k - 3 meat rations
 p - a slice of pizza
 z - a chunk of flesh


   Skills:
 - Level 2.0 Fighting
 + Level 4.7 Short Blades
 + Level 3.9 Throwing
 - Level 1.1 Dodging
 + Level 6.0 Stealth


You had 4 spell levels left.
You didn't know any spells.

Dungeon Overview and Level Annotations

Branches:
Dungeon (6/15)
 Temple: D:4-7

Altars:
Kikubaaqudgha
Sif Muna

Shops:
D:6 %

Annotations:
D:2 1 exclusion


Message History

You shoot a poisoned needle. The poisoned needle hits the centaur!
The centaur is poisoned.
The centaur shoots an arrow.
The arrow hits you!
* * * LOW HITPOINT WARNING * * *
Firing (i - inventory. (,) - cycle):
h - 19 poisoned needles (quivered)
Press: ? - help, Shift-Dir - straight line, f/p - centaur
Aim: a centaur, wielding a shortbow (lightly wounded, poisoned)
You shoot a poisoned needle. The poisoned needle hits the centaur!
The centaur looks even sicker.
The centaur is lightly wounded.
The centaur shoots an arrow.
The arrow hits you but does no damage.
The centaur shoots an arrow.
The arrow barely misses you.
Firing (i - inventory. (,) - cycle):
h - 18 poisoned needles (quivered)
Press: ? - help, Shift-Dir - straight line, f/p - centaur
Aim: a centaur, wielding a shortbow (heavily wounded, poisoned)
You shoot a poisoned needle. The poisoned needle hits the centaur!
The centaur looks even sicker.
The centaur is heavily wounded.
The centaur shoots an arrow.
The arrow barely misses you.
The centaur shoots an arrow.
The arrow hits you!
You die...

#... ..# #c# ##(# ... #.c##....
###......... ##......##...
######### ###...........
........# ###.@..(........
........# #.(.............#
........#####.#.(..........#.
............................
........#####..............#
...........#..###...........
................................
...............................#
..............................#


You could see a centaur.

Vanquished Creatures
  A jelly (D:6)
  Natasha (D:2)
  A killer bee zombie (D:6)
  7 gnolls
  5 adders
  A shadow imp (D:6)
  A worm (D:3)
  5 giant geckos
  5 giant cockroaches
  4 goblins
  6 hobgoblins
  3 jackals (D:6)
  3 ball pythons
  5 bats
  2 giant newts
  5 kobolds
  4 rats
59 creatures vanquished.

Notes
Turn   | Place    | Note
--------------------------------------------------------------
     0 | D:1      | Kloppie the High Elf Assassin began the quest for the Orb.
     0 | D:1      | Reached XP level 1. HP: 14/14 MP: 2/2
   269 | D:1      | Reached XP level 2. HP: 5/19 MP: 3/3
  1108 | D:2      | Reached XP level 3. HP: 20/24 MP: 4/4
  1253 | D:2      | Reached skill level 5 in Stealth
  1296 | D:2      | Found a deep blue altar of Sif Muna.
  1335 | D:2      | Noticed Natasha
  1375 | D:2      | Killed Natasha
  1375 | D:2      | Reached XP level 4. HP: 4/29 MP: 5/5
  2248 | D:2      | Reached XP level 5. HP: 31/34 MP: 6/6
  2459 | D:3      | You fall through a shaft for 2 floors!
  2459 | D:5      | Entered Level 5 of the Dungeon
  2462 | D:5      | Found an ancient bone altar of Kikubaaqudgha.
  2514 | D:5      | Noticed an ogre
  2518 | D:6      | Found Haoh's Food Shop.
  2969 | D:6      | Reached skill level 6 in Stealth
  3073 | D:5      | Noticed a centaur
  3084 | D:5      | Shot with an arrow by a centaur

Action                   |  1- 3 |  4- 6 || total
-------------------------+-------+-------++-------
Melee: Dagger            |    71 |    28 ||    99
       Short sword       |       |    43 ||    43
 Fire: Blowgun           |    23 |    24 ||    47
 Stab: Sleeping          |    11 |    10 ||    21
  Eat: Chunk             |     1 |     6 ||     7
